 Dungeon Sprint DCSS version 0.19.0-11-g3fc08b3 (webtiles) character file.

2337 equalderp2856 the Ripper (level 9, -4/45 HPs)
             Began as a Felid Fighter on Nov 9, 2016.
             Slain by a demonic crawler (7 damage)
             ... in the Dungeon (Sprint I: "Red Sonja").
             The game lasted 00:04:42 (783 turns).

equalderp2856 the Ripper (Felid Fighter)             Turns: 783, Time: 00:04:42

Health: -4/45      AC:  2    Str: 20    XL:     9   Next: 19%
Magic:  10/10      EV: 27    Int: 10    God:
Gold:   491        SH:  0    Dex: 15    Spells: 0 memorised, 8 levels left
                                        Lives:  0   Deaths: 2

rFire  . . .     SeeInvis +       - Unarmed
rCold  . . .     Gourm    .     (armour unavailable)
rNeg   . . .     Faith    .     (shield unavailable)
rPois  .         Spirit   .     (helmet unavailable)
rElec  .         Reflect  .     (cloak unavailable)
rCorr  .         Harm     .     (gloves unavailable)
MR     +....     NoTele   +     (boots unavailable)
Stlth  +++++.....               (no amulet)
                                (no ring)
                                (no ring)

@: mighty, quick
A: no armour, no weapons or thrown items, stealth, claws 1, fangs 3, see
invisible, carnivore 3, speed 1, shaggy fur 2, slow metabolism 1, sharp paws
a: no special abilities


You were in the Dungeon.
You were not hungry.

You visited 1 branch You collected 601 gold pieces.
You spent 110 gold pieces at shops.

Inventory:

Hand Weapons
 j - a cursed -3 dagger
Armour
 k - a +0 robe
Wands
 l - a wand of lightning (6/15)
Scrolls
 h - a scroll of blinking
 i - a scroll of fog {unknown}
Potions
 e - a potion of haste
 f - 2 potions of magic
 g - a potion of berserk rage
Comestibles
 b - 2 meat rations


   Skills:
 + Level 8.7 Fighting
 + Level 12.3 Dodging
 * Level 11.2 Stealth
 + Level 16.0 Unarmed Combat


You had 8 spell levels left.
You didn't know any spells.

Dungeon Overview and Level Annotations

Branches:
Dungeon (1/1)

Altars:
Cheibriados
Dithmenos
Elyvilon
Fedhas
Gozag
Hepliaklqana
Kikubaaqudgha
Makhleb
Nemelex Xobeh
Okawaru
Qazlal
Ru
Sif Muna
Trog
Uskayaw
Vehumet
Xom
Yredelemnul
Zin
The Shining One
Jiyva
Lugonu

Shops:
D }![


Innate Abilities, Weirdness & Mutations

You cannot wear armour.
You are incapable of wielding weapons or throwing items.
Your paws allow you to move quietly. (Stealth)
You have sharp claws.
You have razor-sharp teeth.
You have supernaturally acute eyesight. (SInv)
You are carnivorous and can eat meat at any time.
You cover ground quickly.
You are covered in thick fur. (AC +2)
You have a slow metabolism.
Your sharp claws are effective at attacking unaware monsters.


Message History

The demonic crawler hits you but does no damage.
The demonic crawler completely misses you.
The demonic crawler hits you but does no damage.
You mangle the demonic crawler!!
The demonic crawler is almost dead.
The demonic crawler barely misses you. x2
The demonic crawler closely misses you.
You claw the demonic crawler!
You kill the demonic crawler!
Your Stealth skill increases to level 11!
Your Unarmed Combat skill increases to level 16!
You mangle the demonic crawler!!
The demonic crawler is moderately wounded.
The demonic crawler completely misses you. x2
The demonic crawler hits you!
* * * LOW HITPOINT WARNING * * *
You claw the demonic crawler! You claw the demonic crawler.
The demonic crawler is severely wounded.
The demonic crawler hits you!
You die...

#..#####+#####'#__####...
#..### #...#.####($####
#..#__####..##†#≈§§§c#
#..#_____##'#..+≈§§§.+
#⌠⌠#_.∩...'..._#≈§≈§c#
####_..__##_s#'##†###
#_____###'#)#))[.###
############.####'###[##
#∩......@ss...'.§[§.'.∩#
###++++####.).##########
##.## #+#


You could see 2 demonic crawlers.

Vanquished Creatures
  Sonja (D)
  A deep troll (D)
  2 kobold demonologists (D)
  2 demonic crawlers (D)
  A slime creature (D)
  Sigmund (D)
  A yak (D)
  A floating eye (D)
  An ogre (D)
  A jelly (D)
  Ijyb (D)
13 creatures vanquished.

Notes
Turn   | Place    | Note
-------+----------+-------------------------------------------
     0 | D        | equalderp2856 the Felid Fighter began the quest for the Orb.
     0 | D        | Reached XP level 1. HP: 10/10 MP: 2/2
     2 | D        | Noticed Ijyb
    13 | D        | Killed Ijyb
    13 | D        | Reached skill level 5 in Dodging
    13 | D        | Reached skill level 5 in Unarmed Combat
    13 | D        | Reached XP level 2. HP: 5/15 MP: 3/3
   215 | D        | Noticed an ogre
   222 | D        | Killed an ogre
   222 | D        | Reached skill level 8 in Unarmed Combat
   222 | D        | Reached XP level 3. HP: 19/19 MP: 4/4
   222 | D        | Reached XP level 4. HP: 22/22 MP: 5/5
   226 | D        | Noticed Sigmund
   233 | D        | Killed Sigmund
   233 | D        | Reached skill level 10 in Unarmed Combat
   233 | D        | Reached XP level 5. HP: 27/27 MP: 6/6
   233 | D        | Gained mutation: You are covered in thick fur. (AC +2) [Felid growth]
   233 | D        | Reached XP level 6. HP: 31/31 MP: 7/7
   246 | D        | Found a burning altar of Makhleb.
   246 | D        | Found a viscous altar of Jiyva.
   246 | D        | Found a shimmering altar of Xom.
   246 | D        | Found a corrupted altar of Lugonu.
   246 | D        | Noticed a slime creature
   257 | D        | Killed a slime creature
   257 | D        | Reached skill level 11 in Unarmed Combat
   437 | D        | Found a deep blue altar of Sif Muna.
   439 | D        | Found a radiant altar of Vehumet.
   443 | D        | Reached skill level 12 in Unarmed Combat
   446 | D        | Found Metacif's Distillery.
   446 | D        | Found an ancient bone altar of Kikubaaqudgha.
   446 | D        | Found a hazy altar of Hepliaklqana.
   446 | D        | Found a stormy altar of Qazlal.
   446 | D        | Found a hide-covered altar of Uskayaw.
   446 | D        | Found a blossoming altar of Fedhas.
   446 | D        | Found a bloodstained altar of Trog.
   446 | D        | Found an iron altar of Okawaru.
   446 | D        | Found a basalt altar of Yredelemnul.
   446 | D        | Found a glowing golden altar of the Shining One.
   446 | D        | Found a snail-covered altar of Cheibriados.
   446 | D        | Found a sacrificial altar of Ru.
   446 | D        | Found a glowing silver altar of Zin.
   446 | D        | Found a shadowy altar of Dithmenos.
   446 | D        | Found a white marble altar of Elyvilon.
   446 | D        | Noticed a yak
   447 | D        | Found an opulent altar of Gozag.
   448 | D        | Killed a yak
   448 | D        | Reached XP level 7. HP: 36/36 MP: 8/8
   449 | D        | Found a sparkling altar of Nemelex Xobeh.
   520 | D        | Noticed a kobold demonologist
   521 | D        | Noticed a kobold demonologist
   522 | D        | Noticed a sixfirhy
   524 | D        | Paralysed by a floating eye for 2 turns
   525 | D        | Mangled by a sixfirhy
   526 | D        | Reached XP level 6. HP: -6/33 MP: 7/7
   538 | D        | Paralysed by a floating eye for 2 turns
   539 | D        | Slain by a sixfirhy
   540 | D        | Reached XP level 5. HP: 0/28 MP: 6/6
   547 | D        | Noticed a centaur warrior
   549 | D        | Killed a floating eye
   549 | D        | Reached skill level 10 in Dodging
   549 | D        | Reached skill level 13 in Unarmed Combat
   549 | D        | Reached XP level 6. HP: 33/33 MP: 7/7
   554 | D        | Noticed a centaur warrior
   555 | D        | Noticed an ice devil
   556 | D        | Killed a kobold demonologist
   556 | D        | Reached skill level 5 in Stealth
   560 | D        | Noticed a ynoxinul
   561 | D        | Noticed a red devil
   562 | D        | Noticed a rust devil
   577 | D        | Killed a kobold demonologist
   577 | D        | Reached skill level 14 in Unarmed Combat
   577 | D        | Reached XP level 7. HP: 28/36 MP: 8/8
   588 | D        | Noticed a deep troll
   590 | D        | Killed a deep troll
   590 | D        | Reached XP level 8. HP: 33/40 MP: 9/9
   616 | D        | Noticed Sonja
   619 | D        | Killed Sonja
   619 | D        | Reached skill level 10 in Stealth
   619 | D        | Reached skill level 15 in Unarmed Combat
   634 | D        | Found Sumiar's Gadget Boutique.
   664 | D        | Bought a wand of lightning (6/15) for 110 gold pieces
   682 | D        | Found Waemuibb's Armour Emporium.
   730 | D        | Noticed a demonic crawler
   730 | D        | Noticed a demonic crawler
   730 | D        | Noticed a demonic crawler
   730 | D        | Noticed a demonic crawler
   760 | D        | Killed a demonic crawler
   760 | D        | Reached XP level 9. HP: 15/45 MP: 10/10
   781 | D        | Killed a demonic crawler
   781 | D        | Reached skill level 16 in Unarmed Combat
   783 | D        | Slain by a demonic crawler

Skill      XL: |  1  2  3  4  5  6  7  8  9 |
---------------+----------------------------+-----
Dodging        | 5 6 8 10 11 12 | 12.3
Unarmed Combat | 5 8 10 13 14 15 16 | 16.0
Fighting       | 4 6 7 8 |  8.7
Stealth        | 4 6 8 10 11 | 11.2

Action                   |  1- 3 |  4- 6 |  7- 9 || total
-------------------------+-------+-------+-------++-------
Melee: Unarmed           |    16 |    42 |    32 ||    90
       Bite              |     3 |     3 |     5 ||    11
       Punch             |       |     4 |     3 ||     7
  Use: Potion            |     1 |       |     3 ||     4
 Stab: Sleeping          |       |     2 |     2 ||     4
Armor: Skin              |       |       |     4 ||     4
Dodge: Dodged            |    10 |    20 |    76 ||   106
